 Dungeon Crawl Stone Soup version 0.31.0-12-g77e489cdc1 (webtiles) character file.

Game seed: 17410892572387835110

79 KennySheep the Shooter (level 4, -5/25 HPs)
             Began as a Deep Elf Hunter on Mar 2, 2024.
             Blown up by Ijyb (14 damage)
             ... with a mindburst bolt
             ... on level 2 of the Dungeon.
             The game lasted 00:04:26 (1337 turns).

KennySheep the Shooter (Deep Elf Hunter)            Turns: 1337, Time: 00:04:27

Health: -5/25      AC:  3    Str:  8    XL:     4   Next: 17%
Magic:  6/6        EV: 13    Int: 14    God:
Gold:   137        SH:  0    Dex: 20    Spells: 3/3 levels left

rFire   . . .        a - +0 shortbow
rCold   . . .        (shield currently unavailable)
rNeg    . . .        c - +0 leather armour
rPois   .            (no helmet)
rElec   .            (no cloak)
rCorr   .            (no gloves)
SInv    .            (no boots)
Will    .....        (no amulet)
Stlth   ++           (no ring)
HPRegen 0.24/turn    (no ring)
MPRegen 0.10/turn

%: no passive effects
@: no status effects
A: no striking features
a: no special abilities


You were on level 2 of the Dungeon.
You visited 1 branch of the dungeon, and saw 3 of its levels.

You collected 137 gold pieces.

Inventory:

Hand Weapons
 a - a +0 shortbow (weapon)
Armour
 c - a +0 leather armour (worn)
Scrolls
 d - 2 scrolls of noise {unknown}
 f - 4 scrolls of identify {unknown}
 i - 2 scrolls of immolation {unknown}
 j - a scroll of torment {unknown}
 k - a scroll of fog {unknown}
Potions
 e - a potion of brilliance {unknown}
 g - 2 potions of attraction {unknown}
 h - a potion of cancellation {unknown}
 l - a potion of haste {unknown}
 m - a potion of degeneration {unknown}
 n - a potion of lignification {unknown}


   Skills:
 - Level 1.5 Fighting
 * Level 6.5 Ranged Weapons
 + Level 3.4 Dodging
 + Level 2.7 Stealth


You had 3 spell levels left.
You didn't know any spells.
Your spell library was empty.

Dungeon Overview and Level Annotations

Branches:
Dungeon (3/15)

Altars:

Annotations:
D:2 Ijyb


Message History

No target in view!
You start resting.
HP restored.
Items here: ( )) †.
A jackal comes into view.
The jackal barks!
You shoot an arrow.
The arrow hits the jackal but does no damage.
You shoot an arrow. The arrow hits the jackal!
You kill the jackal!
No target in view!
No target in view!
Items here: ( )) †.
There is a stone staircase leading down here.
You climb downwards.
Level annotation: Ijyb
There is a stone staircase leading up here.
You shoot an arrow. The arrow barely misses Ijyb.
You shoot an arrow. The arrow hits Ijyb.
Ijyb is lightly wounded.
Ijyb zaps a wand.
Your mind is blasted!
Ijyb zaps a wand.
Your mind is blasted!
You shoot an arrow. The arrow hits Ijyb.
Ijyb is moderately wounded.
You shoot an arrow. The arrow hits Ijyb.
Ijyb is moderately wounded.
You shoot an arrow. The arrow closely misses Ijyb.
Ijyb completely misses you.
You shoot an arrow. The arrow closely misses Ijyb.
Ijyb hits you with a +5 club!
You shoot an arrow. The arrow hits Ijyb!
Ijyb is severely wounded.
Ijyb barely misses you.
You shoot an arrow. The arrow completely misses Ijyb.
Ijyb misses you. Ijyb barely misses you.
You shoot an arrow. The arrow hits Ijyb but does no damage.
Ijyb is severely wounded.
Ijyb hits you with a +5 club.
You shoot an arrow. The arrow closely misses Ijyb.
Ijyb zaps a wand.
Your mind is blasted!
Ouch! That really hurt!
You die...

.# #....÷........##..........#
#####..###....÷..)........<..#
..>.............###..........#
..#............##............#
#................##.........##
...............###..#......##
##.........(............b###
.............)......>..#.##
....>......####.@g.....#..#
##...............<.....##.##
...#.......####...###......#
.###.......# ###..######### .#
######.## ##.# .########..###
#.# .............#####.#
##.#########....##.## ##.##
#....##..#..##


You could see Ijyb.

Vanquished Creatures
  3 dart slugs (D:1)
  A ribbon worm (D:2)
  9 ball pythons
  4 bats
  2 endoplasms
  5 giant cockroaches
  4 goblins
  7 hobgoblins
  12 jackals (D:1)
  A quokka (D:1)
  3 frilled lizards
  7 kobolds
  4 rats
62 creatures vanquished.

Notes
Turn   | Place    | Note
-------+----------+-------------------------------------------
     0 | D:1      | KennySheep the Deep Elf Hunter began the quest for the Orb.
     0 | D:1      | Reached XP level 1. HP: 12/12 MP: 3/3
    61 | D:1      | Reached XP level 2. HP: 16/16 MP: 4/4
   206 | D:1      | Reached skill level 6 in Ranged Weapons
   228 | D:1      | Reached XP level 3. HP: 20/20 MP: 5/5
   848 | D:2      | Reached XP level 4. HP: 25/25 MP: 6/6
  1195 | D:3      | Noticed Ijyb
  1337 | D:2      | Blown up by Ijyb

Illustrated notes

Levels and vault maps discovered:
D:1:      ebering_trefoil_3fold, layout_basic
D:2:      layout_rooms, minmay_pentomino_s2
D:3:      layout_loops_cross, chequers_serial_rivers_micro_d, uniq_ijyb

Skill      XL: |  1  2 |
---------------+-------+-----
Stealth        | 2 |  2.7
Ranged Weapons | 6 |  6.5
Dodging        | 3 |  3.4
Fighting       | |  1.5

Action                     |  1- 3 |  4- 6 || total
---------------------------+-------+-------++-------
   Fire: Shortbow          |   132 |    52 ||   184
    Use: Scroll            |       |     1 ||     1
 Armour: Leather armour    |    15 |    16 ||    31
  Dodge: Dodged            |    28 |    16 ||    44
